 Dungeon Crawl Stone Soup version 0.25.1-2-g60ff931df9 (webtiles) character file.

Game seed: 8217595948352275073

98 Gynju the Cudgeler (level 4, -15/28 HPs)
             Began as a Gargoyle Fighter on Sept 12, 2020.
             Killed by divine providence
             ... invoked by an orc priest
              (19 damage)
             ... on level 3 of the Dungeon.
             The game lasted 00:01:26 (1866 turns).

Gynju the Cudgeler (Gargoyle Fighter)               Turns: 1866, Time: 00:01:27

Health: -15/28     AC: 11    Str: 20    XL:     4   Next: 69%
Magic:  4/4        EV:  7    Int:  9    God:
Gold:   108        SH:  9    Dex:  9    Spells: 3/3 levels left

rFire    . . .     SeeInvis .   a - +0 flail
rCold    . . .     Gourm    .   c - +0 kite shield
rNeg     + . .     Faith    .   b - +0 scale mail
rPois    ∞         Spirit   .   (no helmet)
rElec    +         Reflect  .   o - scarf {harm}
rCorr    .         Harm     +   n - +0 pair of gloves
MR       .....                  (no boots)
Stlth    ..........             (no amulet)
HPRegen  0.09/turn              (no ring)
MPRegen  0.09/turn              (no ring)

@: no status effects
A: negative energy resistance 1, electricity resistance, unbreathing,
petrification resistance, rot immunity, AC +3
a: no special abilities


You were on level 3 of the Dungeon.
You were not hungry.

You visited 1 branch of the dungeon, and saw 3 of its levels.

You collected 108 gold pieces.

Inventory:

Hand Weapons
 a - a +0 flail (weapon)
Armour
 b - a +0 scale mail (worn)
 c - a +0 kite shield (worn)
 n - a +0 pair of gloves (worn)
 o - a scarf of harm (worn)
Scrolls
 e - 3 scrolls of remove curse {unknown}
 g - a scroll of identify {unknown}
 i - a scroll of enchant armour {unknown}
 m - a scroll of magic mapping {unknown}
Potions
 d - 2 potions of might
 h - a potion of curing {unknown}
 j - a potion of stabbing {unknown}
 k - a potion of cancellation {unknown}
 l - a potion of brilliance {unknown}
Comestibles
 f - 4 rations


   Skills:
 - Level 3.2 Fighting
 + Level 4.7 Maces & Flails
 - Level 3.2 Armour
 - Level 3.2 Shields


You had 3 spell levels left.
You didn't know any spells.
Your spell library was empty.

Dungeon Overview and Level Annotations

Branches:
Dungeon (3/15)

Altars:


Innate Abilities, Weirdness & Mutations

You are resistant to torment.
Your stone body is resilient. (AC +3)
You are immune to poison.
You resist negative energy. (rN+)
You are resistant to electric shocks. (rElec)
You can survive without breathing.
You are immune to petrification.
You are immune to rotting.


Message History

The orc priest hits you but does no damage.
You sock the orc priest!
The orc priest is almost dead.
The orc priest barely misses you.
You barely miss the orc priest.
The orc priest is almost dead.
The orc priest hits you with a +0 flail.
* * * LOW HITPOINT WARNING * * *
You closely miss the orc priest.
The orc priest is almost dead.
The orc priest looks braver for a moment.
The orc priest hits you but does no damage.
You closely miss the orc priest.
The orc priest is almost dead.
Your shield and scale mail prevent you from hitting the orc priest.
The orc priest is almost dead.
The orc priest calls down the wrath of Beogh upon you.
Beogh smites you!
Ouch! That really hurt!
You die...

#.# #.# #.#.###
#<#.#<####.#
#.#........#
#.###.########
#.#........... #
#@#.#.#######. #.
#o#.#.....#
.g.##.#g..#...#.##
....o..............
.........+#######+.
..#......#
.........#
###......# #....#.#


You could see an orc priest and a hobgoblin.

Vanquished Creatures
  Jessica (D:2)
  3 adders (D:2)
  An ooze (D:2)
  3 dart slugs
  3 orcs (D:3)
  5 giant cockroaches
  2 hobgoblins
  5 bats
  A frilled lizard (D:2)
  6 goblins
  3 rats
33 creatures vanquished.

Notes
Turn   | Place    | Note
-------+----------+-------------------------------------------
     0 | D:1      | Gynju the Gargoyle Fighter began the quest for the Orb.
     0 | D:1      | Reached XP level 1. HP: 14/14 MP: 1/1
    58 | D:1      | Reached XP level 2. HP: 18/19 MP: 2/2
   187 | D:1      | You fall into a shaft and drop 1 floor!
   200 | D:2      | Reached skill level 3 in Maces & Flails
   357 | D:2      | Noticed Jessica
   366 | D:2      | Killed Jessica
   366 | D:2      | Reached skill level 4 in Maces & Flails
   366 | D:2      | Reached XP level 3. HP: 17/23 MP: 3/3
   514 | D:2      | Reached XP level 4. HP: 28/28 MP: 4/4
  1866 | D:3      | Killed from afar by an orc priest

Illustrated notes

Levels and vault maps discovered:
D:1:      lightli_arrival_flooded_house, layout_loops_ring
D:2:      lemuel_upstairs_altar, layout_basic, uniq_jessica
D:3:      layout_basic, nicolae_ru_great_annihilating_truth,
          lemuel_blue_sif_altar

Skill      XL: |  1  2 |
---------------+-------+-----
Maces & Flails | 4 |  4.7
Fighting       | |  3.2
Armour         | |  3.2
Shields        | |  3.2

Action                   |  1- 3 |  4- 6 || total
-------------------------+-------+-------++-------
Melee: Flail             |    70 |    74 ||   144
  Eat: Ration            |       |     1 ||     1
       Chunk             |       |     1 ||     1
Armor: Scale mail        |    28 |    56 ||    84
Dodge: Dodged            |    27 |    38 ||    65
Block: Kite shield       |    36 |    50 ||    86
